 Dungeon Crawl Stone Soup version 0.19.5 (webtiles) character file.

3 Firecrotchwizard the Cudgeler (level 1, -4/24 HPs)
             Began as an Ogre Berserker on Apr 24, 2017.
             Was a Follower of Trog.
             Killed from afar by a dart slug (8 damage)
             ... with a slug dart
             ... on level 1 of the Dungeon.
             The game lasted 00:00:11 (52 turns).

Firecrotchwizard the Cudgeler (Ogre Berserker)        Turns: 52, Time: 00:00:12

Health: -4/24      AC:  3    Str: 21    XL:     1   Next: 50%
Magic:  1/1        EV: 10    Int:  6    God:    Trog [*.....]
Gold:   4          SH:  0    Dex:  9    Spells: 0 memorised, 0 levels left

rFire  . . .     SeeInvis .     a - +0 mace
rCold  . . .     Gourm    .     b - +0 animal skin
rNeg   . . .     Faith    .     (no shield)
rPois  .         Spirit   .     (helmet restricted)
rElec  .         Reflect  .     (no cloak)
rCorr  .         Harm     .     (gloves unavailable)
MR     .....                    (boots unavailable)
Stlth  +.........               (no amulet)
                                (no ring)
                                (no ring)

@: no status effects
A: unfitting armour, tough skin 1
a: Berserk, Burn Spellbooks, Renounce Religion


You were on level 1 of the Dungeon.
You worshipped Trog.
Trog was aware of your devotion.
You were not hungry.

You visited 1 branch of the dungeon, and saw 1 of its levels.

You collected 4 gold pieces.

Inventory:

Hand Weapons
 a - a +0 mace (weapon)
Armour
 b - a +0 animal skin (worn)
Comestibles
 c - a bread ration {@e1}


   Skills:
 + Level 4.0 Fighting
 * Level 4.1 Maces & Flails
 + Level 2.8 Dodging


You couldn't memorise any spells.
You didn't know any spells.

Dungeon Overview and Level Annotations

Branches:
Dungeon (1/15)

Altars:


Innate Abilities, Weirdness & Mutations

You are too large for most types of armour.
You have tough skin. (AC +1)


Message History

Welcome, Firecrotchwizard the Ogre Berserker.
It is said that the Orb of Zot exists deep within this dungeon.
Trog says: Kill them all!
Found a staircase leading out of the dungeon.
You open the door.
There is an open door here.
You open the large door.
There is a large open door here.
You now have 4 gold pieces.
You open the door.
There is an open door here.
A rat comes into view.
A kobold comes into view. It is wielding a whip.
The kobold shouts!
The kobold throws a stone.
The stone barely misses you.
You see here a stone.
You hit the rat.
You kill the rat!
Trog accepts your kill.
The kobold throws a stone.
The stone hits you.
You see here a stone.
You take 2 damage, and have 22/24 hp.
The kobold throws a stone.
The stone hits you.
A hobgoblin comes into view. It is wielding a club.
You see here a stone.
You take 2 damage, and have 20/24 hp.
You hit the kobold.
You kill the kobold!
Trog accepts your kill.
A dart slug comes into view.
You hit the hobgoblin but do no damage. The hobgoblin closely misses you.
You closely miss the hobgoblin. The hobgoblin hits you with a club.
You take 3 damage, and have 17/24 hp.
You hit the hobgoblin but do no damage. The hobgoblin closely misses you.
You closely miss the hobgoblin. The hobgoblin hits you with a club.
You take 3 damage, and have 14/24 hp.
You hit the hobgoblin.
The hobgoblin hits you but does no damage.
You barely miss the hobgoblin. The hobgoblin hits you with a club.
You take 4 damage, and have 10/24 hp.
You are too injured to fight recklessly!
You are too injured to fight recklessly!
You closely miss the hobgoblin. The hobgoblin hits you with a club.
You take 1 damage, and have 9/24 hp.
You closely miss the hobgoblin. The hobgoblin barely misses you.
The hobgoblin hits you with a club.
* * * LOW HITPOINT WARNING * * *
You take 3 damage, and have 6/24 hp.
You barely miss the hobgoblin. The hobgoblin barely misses you.
You closely miss the hobgoblin. The hobgoblin hits you with a club.
* * * LOW HITPOINT WARNING * * *
You take 2 damage, and have 4/24 hp.
You hit the hobgoblin.
You kill the hobgoblin!
Trog accepts your kill. The dart slug launches a dart at you.
The slug dart hits you!
You die...

###.# ....
.... .. ..#
...... #.##w#
#.##)# #
###.##@# #.
...##(#
#.###.##(##.#
#......(†...#
####..#####.#
#..# #
#..#####.#
#......(.#
######
#..#######


You could see a dart slug.

Vanquished Creatures
  A hobgoblin (D:1)
  A kobold (D:1)
  A rat (D:1)
3 creatures vanquished.

Notes
Turn   | Place    | Note
-------+----------+-------------------------------------------
     0 | D:1      | Firecrotchwizard the Ogre Berserker began the quest for the Orb.
     0 | D:1      | Reached XP level 1. HP: 24/24 MP: 1/1
    49 | D:1      | HP: 6/24 [hobgoblin/club (3)]
    52 | D:1      | Killed from afar by a dart slug

Action                   || total
-------------------------++-------
Melee: Mace              ||    13
Armor: Animal skin       ||     1
Dodge: Dodged            ||     5

Vault maps used:
D:1:      sevenhm_arrival_forest_fort_small_3

Table legend:
 A = Turns spent in this place as a percentage of turns spent in the entire game.
 B = Non-inter-level travel turns spent in this place as a percentage of non-inter-level travel turns spent in the entire game.
 C = Inter-level travel turns spent in this place as a percentage of turns spent in this place.
 D = Turns resting spent in this place as a percentage of non-inter-level travel turns spent in this place.
 E = Turns spent auto-exploring this place as a percentage of non-inter-level travel turns spent in this place.
 F = Non-inter-level travel turns spent in this place divided by the number of levels of this place that you've seen.
                   A       B       C       D       E      F
               +-------+-------+-------+-------+-------+----------------------
         Total | 100.0 | 100.0 |   0.0 |   0.0 |   4.8 |  21.0
       Dungeon | 100.0 | 100.0 |   0.0 |   0.0 |   4.8 |  21.0
               +-------+-------+-------+-------+-------+----------------------

Table legend:
 A = Kills in this place as a percentage of kills in entire the game.
 B = Kills by you in this place as a percentage of kills by you in the entire game.
 C = Kills by friends in this place as a percentage of kills by friends in the entire game.
 D = Other kills in this place as a percentage of other kills in the entire game.
 E = Experience gained in this place as a percentage of experience gained in the entire game.
 F = Experience gained in this place divided by the number of levels of this place that you have seen.
                   A       B       C       D       E      F
               +-------+-------+-------+-------+-------+----------------------
         Total | 100.0 | 100.0 |  -nan |  -nan | 100.0 |   5.0
       Dungeon | 100.0 | 100.0 |  -nan |  -nan | 100.0 |   5.0
               +-------+-------+-------+-------+-------+----------------------
